 Dungeon Crawl Stone Soup version 0.24.1-11-gbbbb2193e6 (webtiles) character file.

Game seed: 12979461714258365522, levelgen mode: deterministic

55876 Amplified the Covert (level 14, -2/81 HPs)
             Began as a Vine Stalker Chaos Knight on May 12, 2020.
             Was a Plaything of Xom.
             Slain by a wolf spider simulacrum (16 damage)
             ... in an ice cave on May 14, 2020.
             The game lasted 00:33:48 (15861 turns).

Amplified the Covert (Vine Stalker Chaos Knight)   Turns: 15861, Time: 00:33:49

Health: -2/81      AC: 15    Str: 17    XL:     14   Next: 79%
Magic:  0/15       EV: 19    Int:  6    God:    Xom [..*...]
Gold:   854        SH:  5    Dex: 19    Spells: 13/13 levels left

rFire    . . .     SeeInvis .   f - +9 short sword (venom)
rCold    . . .     Gourm    +   R - +0 buckler of the Furies {+Inv MR+++ rCorr Int-4}
rNeg     + . .     Faith    .   y - +2 leather armour {rPois}
rPois    +         Spirit   +   F - +0 helmet
rElec    .         Reflect  .   l - +2 cloak {MR+}
rCorr    +         Harm     .   N - +0 pair of gloves
MR       +++++                  (no boots)
Stlth    ++++++....             I - amulet of the gourmand
HPRegen  1.03/turn              e - ring of positive energy
MPRegen  0.14/turn              t - +3 ring of protection

@: about to teleport
A: fangs 3, hooves 1, dopey 1, magic resistance 1, regeneration 2, strong 1,
magic shield, antimagic bite, no potion heal 3, rot immunity
a: Renounce Religion, Evoke Invisibility


You were in an ice cave.
You worshipped Xom.
You were a toy of Xom.
You were very full.

You visited 3 branches of the dungeon, and saw 19 of its levels.
You also visited: Sewer, Ossuary, Bailey and Ice Cave.

You collected 2659 gold pieces.
You spent 1805 gold pieces at shops.

Inventory:

Hand Weapons
 f - a +9 short sword of venom (weapon)
 j - a +4 demon trident of electrocution
 z - the +6 short sword "Mauggi" {pierce, Str+3}
   (You bought it in a shop on level 2 of the Orcish Mines)

   It inflicts extra damage upon your enemies.
   It affects your strength (+3).
Missiles
 i - 54 poisoned darts (quivered)
Armour
 l - a +2 cloak of magic resistance (worn)
 v - the +1 robe of Mouhecw {rPois Slay+3}
   (You found it on level 8 of the Dungeon)

   It affects your accuracy and damage with ranged weapons and melee attacks
   (+3).
   It protects you from poison.
 y - a +2 leather armour of poison resistance (worn)
 F - a +0 helmet (worn)
 J - a scarf of repulsion
 N - a +0 pair of gloves (worn)
 R - the +0 buckler of the Furies (worn) {+Inv MR+++ rCorr Int-4}
   (You bought it in a shop on level 14 of the Dungeon)

   It affects your intelligence (-4).
   It affects your resistance to hostile enchantments.
   It lets you turn invisible.
   It provides partial protection from all sources of acid and corrosion.
Jewellery
 e - a ring of positive energy (left hand)
 k - an uncursed ring of protection from magic
 n - an uncursed ring of fire
 s - a cursed ring of attention {unknown}
 t - a +3 ring of protection (right hand)
 A - a +4 ring of evasion {unknown}
 I - an amulet of the gourmand (around neck)
 K - an uncursed ring of ice
 O - an uncursed ring of protection from magic
Wands
 b - a wand of enslavement (12)
 o - a wand of random effects (56)
 H - a wand of polymorph (5)
 M - a wand of digging (1)
Scrolls
 a - 6 scrolls of teleportation
 g - 11 scrolls of remove curse
 w - a scroll of fear
 C - 2 scrolls of amnesia
 E - a scroll of fog
Potions
 d - 2 potions of might
 h - 5 potions of curing
 m - a potion of brilliance
 p - 4 potions of haste
 q - 5 potions of magic
 r - a potion of agility
 u - 3 potions of mutation
 B - 2 potions of ambrosia
 D - 2 potions of lignification
 G - a potion of cancellation
Comestibles
 c - 19 rations
 x - 7 chunks of flesh


   Skills:
 * Level 12.5 Fighting
 - Level 13.6 Short Blades
 - Level 2.8 Polearms
 - Level 8.1 Armour
 - Level 9.0 Dodging
 * Level 14.5 Stealth
 * Level 2.2 Shields


You had 13 spell levels left.
You didn't know any spells.
Your spell library contained the following spells:

 Spells                   Type           Power        Failure   Level  Hunger
 Confusing Touch          Hex            #.....       58%         1    ##.....
 Confuse                  Hex            #.......     91%         3    ####...
 Gell's Gravitas          Tloc           #.........   91%         3    ####...
 Cause Fear               Hex            #.........   100%        4    #####..
 Petrify                  Tmut/Erth      #.......     100%        4    #####..
 Metabolic Englaciation   Hex/Ice        #.........   100%        5    ######.
 Silence                  Hex/Air        #.........   100%        5    ######.
 Yara's Violent Unravell  Hex/Tmut       #.........   100%        5    ######.
 Deflect Missiles         Chrm/Air       #.........   100%        6    #######
 Discord                  Hex            #.........   100%        8    #######


Dungeon Overview and Level Annotations

Branches:
Dungeon (15/15)            Temple (0/1) D:4            Lair (2/6) D:10
    Orc (2/2) D:12            Elf (0/3) Orc:2        Vaults (0/5) D:14
 Depths (0/5) D:15          Sewer (visited)         Ossuary (visited)
 Bailey (visited)           IceCv (1/1)
  Swamp: Lair:2-4    Shoals: Lair:2-4     Snake: Lair:2-4    Spider: Lair:2-4

Altars:
Dithmenos
Elyvilon
Gozag
Okawaru
Ru
Trog
Vehumet
Xom
Yredelemnul
Beogh

Shops:
D:4 *   D:6 *   D:14 *   Orc:1 (   Orc:2 ?%(%

Annotations:
D:13 Slick slopes to Lair
Orc:2 Artifacts please


Innate Abilities, Weirdness & Mutations

You have razor-sharp teeth.
You heal very quickly.
When hurt, damage is shared between your health and your magic reserves.
Your bite disrupts and absorbs the magic of your enemies.
Potions cannot restore your health.
You are immune to rotting.
You have large cloven feet.
You are dopey. (Int -2)
You are resistant to hostile enchantments. (MR+)
Your muscles are strong. (Str +2)


Message History

The wolf spider simulacrum hits you. The wolf spider simulacrum freezes you!
The wolf spider simulacrum bites you! The wolf spider simulacrum freezes you!
Okay, then.
Okay, then.
As you read the scroll of teleportation, it crumbles to dust.
You feel strangely unstable.
The wolf spider simulacrum hits you but does no damage.
The wolf spider simulacrum misses you.
Okay, then.
You hit the wolf spider simulacrum but do no damage.
You kick the wolf spider simulacrum.
You bite the wolf spider simulacrum, but do no damage.
The wolf spider simulacrum is lightly damaged.
The wolf spider simulacrum hits you.
The wolf spider simulacrum freezes you!!
* * * LOW HITPOINT WARNING * * *
The wolf spider simulacrum bites you.
* * * LOW HITPOINT WARNING * * *
The wolf spider simulacrum freezes you!!
You die...

### #@# #Z#
#.# #.# #.#
#.# ##.# ##
##..##
##ZZ##....##


You could see a wolf spider simulacrum.

Vanquished Creatures
  Saint Roka (Orc:2)
  A stone giant (Orc:1)
  Azrael (Orc:2)
  An ettin (Orc:2)
  4 vault guards (D:14)
  2 hydras
  A catoblepas (D:13)
  6 two-headed ogres
  2 ogre magi (Orc:2)
  5 centaur warriors (D:14)
  Urug (Orc:2)
  An orc high priest (Orc:2)
  2 wolf spider zombies
  4 cyclopes
  3 ugly things
  An orc sorcerer (Orc:1)
  An orc knight (Bailey)
  An oklob plant (Lair:1)
  A black mamba (Lair:2)
  10 elephants (Lair:2)
  2 gargoyles
  5 centaur skeletons
  A spiny frog (Lair:1)
  2 komodo dragons
  12 trolls
  A hornet (D:14)
  5 slime creatures (D:12)
  2 blink frogs (Lair:2)
  3 hippogriffs
  A vampire (D:14)
  A redback (Orc:2)
  A wraith (D:10)
  A spriggan (D:8)
  A shadow (D:14)
  4 fire elementals (Orc:2)
  13 yaks
  A hungry ghost (D:7)
  9 wargs
  A vampire mosquito (D:14)
  A soldier ant (D:10)
  A hell hound (Orc:2)
  6 water moccasins
  4 porcupines
  4 sky beasts
  17 orc warriors
  2 ice beasts
  3 black bears
  2 eyes of draining (D:14)
  3 boggarts (D:14)
  2 phantoms
  5 wolves (Lair:1)
  18 ogres
  8 centaurs
  2 crocodiles
  4 big kobolds
  3 bullfrogs
  A wyvern zombie (D:10)
  2 wyvern skeletons
  6 scorpions
  4 water moccasin zombies (Ossuary)
  A water moccasin skeleton (D:6)
  3 killer bees (D:7)
  2 howler monkeys
  3 crimson imps
  A quasit (D:12)
  A bullfrog zombie (D:5)
  7 hounds
  18 orc wizards
  12 orc priests
  Crazy Yiuf (D:2)
  6 jellies
  Ijyb (D:3)
  5 bullfrog skeletons
  4 iguanas
  Natasha (twice) (D:2)
  14 worker ants
  3 big kobold zombies (Ossuary)
  2 mummies (Ossuary)
  A worker ant zombie (D:11)
  2 howler monkey zombies
  13 gnolls (Bailey)
  19 adders
  3 shadow imps
  6 adder zombies
  An adder skeleton (D:5)
  3 worms
  2 dart slugs (D:1)
  7 leopard geckos
  100 orcs
  8 ball pythons
  9 giant cockroaches
  3 gnoll zombies (Ossuary)
  15 goblins
  17 hobgoblins
  15 jackals
  51 kobolds
  6 quokkas
  4 bats (D:1)
  5 frilled lizards
  6 hobgoblin zombies (Ossuary)
  A kobold zombie (Ossuary)
  A leopard gecko skeleton (D:6)
  3 orc zombies (Ossuary)
  4 quokka skeletons
  7 rats
  11 plants
622 creatures vanquished.

Vanquished Creatures (collateral kills)
  3 two-headed ogres (Orc:2)
  An iron troll (Orc:2)
  A deep troll (Orc:2)
  Pikel (D:4)
  2 cyclopes (Orc:2)
  3 trolls (Orc:2)
  3 slime creatures (D:12)
  7 ogres
  A hound (D:7)
  2 orc priests
  2 orc wizards (D:4)
  A worker ant (D:4)
  3 orcs
  A frilled lizard (D:4)
31 creatures vanquished.

Vanquished Creatures (others)
  A dancing weapon (Orc:2)
  A wyvern (D:9)
  A sky beast (D:14)
  A phantom (D:7)
  2 orc priests
  2 orcs
  6 bushes
  A plant (Lair:2)
15 creatures vanquished.

Grand Total: 668 creatures vanquished

Notes
Turn   | Place    | Note
-------+----------+-------------------------------------------
     0 | D:1      | Amplified the Vine Stalker Chaos Knight began the quest for
                  | the Orb.
     0 | D:1      | Reached XP level 1. HP: 11/11 MP: 2/2
   247 | D:1      | Reached XP level 2. HP: 15/16 MP: 3/3
   250 | D:1      | Reached skill level 1 in Dodging
   350 | D:1      | Reached skill level 1 in Stealth
   408 | D:1      | XOM: divination: detect creatures
   589 | D:1      | Reached XP level 3. HP: 20/20 MP: 4/4
   824 | D:1      | Reached skill level 1 in Short Blades
   923 | D:1      | XOM: smoke on damage
   977 | D:1      | XOM: noise
  1134 | D:2      | Gained mutation: Scrolls take you a little longer to read.
                  | [potion of mutation]
  1134 | D:2      | Gained mutation: You are weak. (Str -2) [potion of
                  | mutation]
  1134 | D:2      | Gained mutation: Your mind is acute. (Int +2) [potion of
                  | mutation]
  1134 | D:2      | Gained mutation: You have a pair of small horns on your
                  | head. [potion of mutation]
  1151 | D:2      | Found a shadowy altar of Dithmenos.
  1206 | D:2      | XOM: harmless Fire miscast
  1295 | D:2      | Found a basalt altar of Yredelemnul.
  1390 | D:2      | XOM: harmless Air miscast
  1423 | D:2      | Reached skill level 2 in Stealth
  1423 | D:2      | Gained mutation: Your natural rate of healing is unusually
                  | fast. [Vine Stalker growth]
  1423 | D:2      | Reached XP level 4. HP: 18/24 MP: 5/5
  1483 | D:2      | Found a runed translucent door.
  1484 | D:2      | Noticed Crazy Yiuf
  1521 | D:2      | XOM: mild Pois miscast
  1600 | D:2      | XOM: severe Hex miscast
  1616 | D:2      | Noticed Natasha
  1622 | D:2      | XOM: cleaving
  1624 | D:2      | XOM: potion effect (brilliance)
  1634 | D:2      | XOM: cleaving
  1637 | D:2      | Killed Natasha
  1708 | D:2      | Noticed Natasha
  1713 | D:2      | Killed Natasha
  1713 | D:2      | Reached XP level 5. HP: 26/28 MP: 6/6
  1994 | D:2      | XOM is BORED!
  1994 | D:2      | XOM: summons 2 hostile demons
  2014 | D:2      | You fall into a shaft and drop 2 floors!
  2149 | D:4      | Noticed an ogre
  2164 | D:4      | Reached skill level 3 in Stealth
  2165 | D:4      | Found Gozag's Platinum Reserve.
  2176 | D:4      | Found an opulent altar of Gozag.
  2196 | D:4      | XOM: cloud trail
  2209 | D:4      | Found a white marble altar of Elyvilon.
  2223 | D:4      | Reached XP level 6. HP: 33/33 MP: 7/7
  2230 | D:4      | Noticed Pikel
  2242 | D:4      | Killed Pikel
  2242 | D:4      | Reached skill level 4 in Stealth
  2242 | D:4      | Reached XP level 7. HP: 28/38 MP: 4/8
  2271 | D:4      | XOM: smoke on damage
  2271 | D:4      | XOM: torment (24/38 hp)
  2330 | D:4      | XOM: 8-stop teleportation journey
  2415 | D:4      | Found a staircase to the Ecumenical Temple.
  2445 | D:4      | Reached skill level 5 in Stealth
  2506 | D:4      | XOM: confusion
  2509 | D:4      | XOM: potion effect (berserk rage)
  2725 | D:4      | XOM: divination: magic mapping
  2812 | D:3      | Found a sacrificial altar of Ru.
  2987 | D:3      | Noticed Ijyb
  3006 | D:3      | Killed Ijyb
  3133 | D:3      | XOM: mild Pois miscast
  3149 | D:3      | XOM: butterfly on damage
  3219 | D:3      | Found a glowing drain.
  3235 | Sewer    | Entered a sewer
  3419 | Sewer    | Gained mutation: You have razor-sharp teeth. [Vine Stalker
                  | growth]
  3419 | Sewer    | Reached XP level 8. HP: 42/42 MP: 9/9
  3945 | D:3      | XOM: 2-stop teleportation journey
  4093 | D:2      | Killed Crazy Yiuf
  4093 | D:2      | Reached skill level 5 in Fighting
  4138 | D:2      | XOM: god gift: scale mail {god gift}
  4191 | D:5      | Entered Level 5 of the Dungeon
  4253 | D:5      | Reached skill level 6 in Stealth
  4287 | D:5      | Found a radiant altar of Vehumet.
  4399 | D:5      | XOM: butterfly on damage
  4797 | D:5      | XOM: god gift: potion of agility
  4910 | D:6      | Found Rotaghil's Assorted Antiques.
  4920 | D:6      | Bought a scroll labeled FOARHUIWAJ for 31 gold pieces
  5332 | D:6      | Reached skill level 5 in Short Blades
  5332 | D:6      | Reached skill level 7 in Stealth
  5437 | D:7      | XOM: harmless Tmut miscast
  5442 | D:7      | XOM: enchant monster (bad)
  5444 | D:7      | Reached XP level 9. HP: 48/48 MP: 10/10
  5473 | D:7      | Found a bloodstained altar of Trog.
  5477 | D:7      | XOM: destruction
  5484 | D:7      | XOM: destruction
  5633 | D:7      | Found a flagged portal.
  5692 | Bailey   | Entered a bailey
  5734 | Bailey   | Lost mutation: You have a pair of small horns on your head.
                  | [potion of mutation]
  5734 | Bailey   | Lost mutation: You are weak. (Str -2) [potion of mutation]
  5734 | Bailey   | Lost mutation: Scrolls take you a little longer to read.
                  | [potion of mutation]
  5734 | Bailey   | Gained mutation: You are robust. (+10% HP) [potion of
                  | mutation]
  5734 | Bailey   | Gained mutation: You have sharp fingernails. [potion of
                  | mutation]
  5746 | Bailey   | XOM: enchant monster (good)
  5852 | Bailey   | Noticed an orc knight
  5907 | Bailey   | Killed an orc knight
  5907 | Bailey   | Reached skill level 8 in Stealth
  6104 | D:7      | XOM: cast spell 'Summon Horrible Things'
  6311 | D:8      | Found an iron altar of Okawaru.
  6402 | D:8      | XOM: harmless Chrm miscast
  6408 | D:8      | XOM: harmless Hex miscast
  6409 | D:8      | Got a brightly glowing robe
  6496 | D:8      | Reached XP level 10. HP: 40/60 MP: 9/11
  6499 | D:8      | XOM: mild Chrm miscast
  6518 | D:8      | XOM: enchant monster (good)
  6526 | D:8      | XOM: enchant monster (bad)
  6615 | D:8      | Found a sand-covered staircase.
  6622 | Ossuary  | Entered an ossuary
  6790 | Ossuary  | Identified the +1 robe of Mouhecw {rPois Slay+3} (You found
                  | it on level 8 of the Dungeon)
  7128 | D:8      | XOM: harmless Pois miscast
  7160 | D:8      | XOM: mild Pois miscast
  7177 | D:8      | XOM: give mutations
  7177 | D:8      | Lost mutation: You have sharp fingernails. [Xom's mischief]
  7192 | D:8      | You fall into a shaft and drop 2 floors!
  7192 | D:10     | Entered Level 10 of the Dungeon
  7194 | D:10     | Found a staircase to the Lair.
  7195 | D:10     | XOM: enchant monster (bad)
  7213 | D:10     | Reached skill level 10 in Short Blades
  7222 | D:10     | XOM: summons friendly ufetubus
  7231 | D:10     | XOM: summons 2 friendly demons
  7349 | D:10     | XOM: 6-stop teleportation journey
  7360 | D:9      | XOM: confusion
  7499 | D:8      | XOM: medium Pois miscast
  7783 | D:9      | XOM: cast spell 'Summon Butterflies'
  7824 | D:9      | XOM: silly message
  7852 | D:9      | XOM: potion effect (haste)
  7860 | D:9      | XOM: potion effect (might)
  7910 | D:9      | Reached XP level 11. HP: 66/66 MP: 12/12
  7965 | D:9      | XOM: 2-stop teleportation journey
  8168 | D:9      | XOM: blink monster(s)
  8283 | D:9      | XOM: divine lightning
  8458 | D:9      | XOM: god gift: scroll of amnesia
  8633 | D:10     | XOM: harmless Chrm miscast
  8898 | D:10     | XOM: confusion (+ monsters)
  8902 | D:10     | XOM: give mutation
  8902 | D:10     | Lost mutation: You are robust. (+10% HP) [Xom's mischief]
  8904 | D:10     | XOM: mild Ice miscast
  8942 | D:10     | XOM: medium Fire miscast
  8972 | D:10     | XOM: mild Tloc miscast
  9292 | D:11     | Noticed a red ugly thing
  9306 | D:11     | Killed a red ugly thing
  9353 | D:11     | Noticed a white ugly thing
  9356 | D:11     | Killed a white ugly thing
  9438 | D:11     | XOM: destruction
  9440 | D:11     | XOM: fog
  9555 | D:11     | XOM: divination: magic mapping
  9744 | D:11     | Reached skill level 9 in Stealth
 10120 | D:12     | XOM: divination: detect creatures
 10179 | D:12     | XOM: confuse monster(s)
 10219 | D:12     | Found a staircase to the Orcish Mines.
 10237 | D:12     | Noticed a cyclops
 10256 | D:12     | Killed a cyclops
 10335 | D:12     | Noticed a green ugly thing
 10340 | D:12     | Killed a green ugly thing
 10598 | D:12     | XOM: 2-stop teleportation journey
 10622 | D:12     | XOM: noise
 10629 | D:12     | Reached skill level 5 in Dodging
 10634 | D:12     | XOM: swap monsters
 10693 | D:12     | XOM is BORED!
 10693 | D:12     | XOM: medium Ice miscast
 10745 | D:12     | Gained mutation: You heal very quickly. [Vine Stalker
                  | growth]
 10745 | D:12     | Reached XP level 12. HP: 40/67 MP: 13/13
 10811 | D:12     | XOM: confuse monster(s)
 10866 | D:13     | Reached skill level 10 in Fighting
 10951 | D:13     | Noticed a two-headed ogre
 10951 | D:13     | XOM: confusion (+ monsters)
 10967 | D:13     | XOM: chaos cloud
 10971 | D:13     | Killed a two-headed ogre
 10971 | D:13     | Reached skill level 10 in Stealth
 11105 | D:13     | Noticed a catoblepas
 11125 | D:13     | Killed a catoblepas
 11510 | D:14     | Noticed a centaur warrior
 11517 | D:14     | Killed a centaur warrior
 11572 | D:14     | XOM: confusion
 11630 | D:14     | Found Hacreusor's General Store.
 11635 | D:14     | Bought the cursed +0 buckler of the Furies {+Inv MR+++
                  | rCorr Int-4} for 406 gold pieces
 11713 | D:14     | Noticed a centaur warrior
 11719 | D:14     | XOM: silly message
 11743 | D:14     | Killed a centaur warrior
 11752 | D:14     | XOM: harmless Erth miscast
 11754 | D:14     | XOM: cast spell 'Metabolic Englaciation'
 11764 | D:14     | Reached skill level 11 in Stealth
 11815 | D:14     | Noticed a centaur warrior
 11828 | D:14     | Killed a centaur warrior
 11828 | D:14     | Reached skill level 5 in Armour
 11838 | D:14     | Found a gate to the Vaults.
 11838 | D:14     | Noticed a vault guard
 11838 | D:14     | Noticed a vault guard
 11838 | D:14     | Noticed a vault guard
 11838 | D:14     | Noticed a vault guard
 11838 | D:14     | Noticed an eight-headed hydra
 11843 | D:14     | XOM: scenery: create altars
 11860 | D:14     | Killed a vault guard
 11866 | D:14     | Killed a vault guard
 11976 | D:14     | XOM: divination: detect creatures
 11983 | D:14     | XOM: medium Fire miscast
 11989 | D:14     | Killed a vault guard
 11991 | D:14     | XOM: fog
 12019 | D:14     | XOM: confuse monster(s)
 12020 | D:14     | Killed a vault guard
 12116 | D:14     | Reached XP level 13. HP: 64/73 MP: 14/14
 12310 | D:14     | XOM: swap monsters
 12334 | D:14     | XOM: blink monster(s)
 12344 | D:14     | Reached skill level 12 in Stealth
 12406 | D:14     | XOM: confusion (+ monsters)
 12488 | D:15     | Entered Level 15 of the Dungeon
 12535 | D:14     | XOM: give mutations
 12535 | D:14     | Gained mutation: Your muscles are strong. (Str +2) [Xom's
                  | grace]
 12535 | D:14     | Gained mutation: You are resistant to hostile enchantments.
                  | (MR+) [Xom's grace]
 12652 | D:12     | XOM: cleaving
 12654 | D:12     | XOM: blink monster(s)
 12655 | D:12     | XOM: summons 3 friendly demons
 12684 | Orc:1    | Entered Level 1 of the Orcish Mines
 12753 | Orc:1    | XOM: confuse monster(s)
 12755 | Orc:1    | XOM: fog
 13004 | Orc:1    | Found Zymoemof's Antique Weapon Shoppe.
 13124 | Orc:1    | XOM: 8-stop teleportation journey
 13170 | Orc:2    | Entered Level 2 of the Orcish Mines
 13309 | Orc:2    | Found a staircase to the Elven Halls.
 13422 | Orc:2    | Noticed an ettin
 13425 | Orc:2    | Noticed Urug
 13440 | Orc:2    | XOM: summons 13 friendly demons
 13461 | Orc:2    | Killed Urug
 13465 | Orc:2    | Killed an ettin
 13522 | Orc:2    | Noticed Azrael
 13526 | Orc:2    | XOM: smoke on damage
 13538 | Orc:2    | Killed Azrael
 13587 | Orc:2    | XOM: polymorph two-headed ogre -> redback
 13655 | Orc:2    | XOM: scenery: create altars
 13656 | Orc:2    | XOM: scenery: create altars
 13657 | Orc:2    | Noticed Saint Roka
 13695 | Orc:1    | Noticed a stone giant
 13707 | Orc:1    | Killed a stone giant
 13707 | Orc:1    | Reached skill level 13 in Stealth
 13746 | Orc:1    | XOM: cloud trail
 13842 | Orc:2    | Found a roughly hewn altar of Beogh.
 13952 | Orc:2    | XOM: god gift: potion of curing
 13983 | Orc:2    | Found Umoteduf's Antique Weapon Emporium.
 13985 | Orc:2    | Reached XP level 14. HP: 79/79 MP: 15/15
 13990 | Orc:2    | Found Cofry's Magic Scroll Shoppe.
 13993 | Orc:2    | Found Nurup's Food Boutique.
 14019 | Orc:2    | XOM: butterfly on damage
 14214 | Orc:2    | XOM: enchant monster (good)
 14275 | Orc:2    | Killed Saint Roka
 14295 | Orc:2    | XOM: give mutations
 14295 | Orc:2    | Gained mutation: You have large cloven feet. [Xom's grace]
 14295 | Orc:2    | Gained mutation: You are partially covered in molten
                  | scales. (AC +2) [Xom's grace]
 14418 | Orc:2    | Found Dymuhiz's Food Emporium.
 14459 | Orc:2    | XOM: summons friendly quasit
 14512 | Orc:2    | Bought a warped short sword for 304 gold pieces
 14512 | Orc:2    | Identified the +6 short sword "Mauggi" {pierce, Str+3} (You
                  | bought it in a shop on level 2 of the Orcish Mines)
 14541 | Orc:1    | Bought a translucent lajatang for 560 gold pieces
 14541 | Orc:1    | Identified the +7 lajatang "Ciryeh" {freeze, rPois} (You
                  | bought it in a shop on level 1 of the Orcish Mines)
 14588 | Orc:1    | Bought a glowing demon trident for 504 gold pieces
 14620 | D:12     | XOM: enchant monster (bad)
 14628 | D:12     | XOM: noise
 14654 | D:12     | XOM: confusion
 14658 | D:12     | XOM: give mutations
 14658 | D:12     | Lost mutation: Your mind is acute. (Int +2) [Xom's
                  | mischief]
 14658 | D:12     | Gained mutation: You are dopey. (Int -2) [Xom's mischief]
 14680 | D:12     | XOM: blink monster(s)
 14695 | D:12     | XOM: give mutation
 14695 | D:12     | Lost mutation: You are partially covered in molten scales.
                  | (AC +2) [Xom's mischief]
 14884 | Lair:1   | Entered Level 1 of the Lair of Beasts
 14892 | Lair:1   | Reached skill level 14 in Stealth
 14947 | Lair:1   | XOM: mild Necr miscast
 15659 | Lair:2   | XOM: summons friendly iron imp
 15665 | Lair:2   | XOM: polymorph blink frog -> ogre
 15688 | Lair:2   | Reached skill level 1 in Shields
 15699 | Lair:2   | XOM: god gift: cyan potion {god gift}
 15719 | Lair:2   | XOM: harmless Air miscast
 15829 | Lair:2   | Found a frozen archway.
 15848 | IceCv    | Entered an ice cave
 15861 | IceCv    | Slain by a wolf spider simulacrum

Levels and vault maps discovered:
D:1:      matt_arrival_los_fun, layout_basic, serial_forest,
          infiniplex_forest_clump_medium, infiniplex_forest_lined_1,
          infiniplex_forest_clump_small, infiniplex_forest_straight_2,
          infiniplex_forest_diagonal, infiniplex_forest_straight_2,
          infiniplex_forest_lined_room_, infiniplex_forest_clump_cross,
          infiniplex_forest_clump_curved, roderic_roman_lattice,
          minmay_hexomino_p4
D:2:      layout_rooms, overflow_temple_1_default, old_standard_altar,
          serial_glass, glass_columns_c, glass_columns_a, wad_woods_river_04,
          st_stairs_3, uniq_natasha, uniq_crazy_yiuf_cottage
D:3:      layout_rooms, overflow_temple_1_default, cheibrodos_sewer_entry_bend,
          uniq_ijyb
D:4:      layout_basic, kennysheep_mini_moat, nicolae_gozag_zags_fifth_avenue,
          minmay_temple_entry_poolview, first_ration, eino_curves_03, uniq_pikel
D:5:      layout_loops_ring, nicolae_overflow_hidden_temple, st_stairs_7
D:6:      layout_basic, serial_shops, shop
D:7:      layout_cave_pools, trog_ov_bears_minmay, enter_bailey_3
D:8:      layout_basic, basic_altar, enter_ossuary_5, the_bakery
D:9:      layout_loops_cross, minmay_misc_feat_cross
D:10:     layout_basic, erik_lair_orcish_takeover
D:11:     layout_grid_maze
D:12:     layout_small_grid, orc_0_dummy, abandoned_shop
D:13:     layout_basic, hex_tiny
D:14:     layout_rooms, lightli_vaults_fourway_checkpoint, serial_shops, shop,
          serial_park_square2, hex_medium, minmay_misc_feat_pillars, drop_trap
D:15:     gammafunk_depths_entry_grave, layout_rooms, serial_ice, serial_ice_b,
          serial_ice_o, serial_ice_k, serial_ice_n, elyvilon_altar_4
Lair:1:   layout_cave_pods, minmay_lair_oklob_chamber
Lair:2:   cheibrodos_lair_river_kwai, layout_regular_city,
          minmay_shoals_entry_lonely_mermaid, portal_ice_cave_entry_pillars_1,
          fungi_pond_lemuel
Orc:1:    cheibrodos_orc_guarddog, layout_diamond_mine, serial_shops, shop
Orc:2:    st_orc_open, layout_diamond_mine, basic_altar, uniq_saint_roka,
          uniq_urug, uniq_azrael
IceCv:    ice_cave_small_necro

Skill      XL: |  1  2  3  4  5  6  7  8  9 10 11 12 13 14 |
---------------+-------------------------------------------+-----
Dodging        | 1 2 3 4 5 6 8 9 |  9.0
Fighting       | 3 4 6 7 8 9 10 11 12 | 12.5
Stealth        | 1 2 3 4 5 7 8 9 11 13 14 | 14.5
Short Blades   | 1 2 3 4 5 8 12 13 | 13.6
Armour         | 3 5 7 8 |  8.1
Shields        | 2 |  2.2
Polearms       | |  2.8

Action                   |  1- 3 |  4- 6 |  7- 9 | 10-12 | 13-15 || total
-------------------------+-------+-------+-------+-------+-------++-------
Melee: Spear             |    13 |       |       |       |       ||    13
       Short sword       |    70 |   167 |   405 |   742 |   558 ||  1942
       Bite              |    17 |    66 |   101 |   264 |   240 ||   688
       Headbutt          |     3 |    53 |    34 |       |       ||    90
       Kick              |       |       |       |       |    80 ||    80
Throw: Dart              |       |     2 |     2 |     2 |    10 ||    16
       Throwing net      |       |       |     1 |       |       ||     1
Evoke: Wand              |       |       |     5 |     6 |    10 ||    21
  Use: Scroll            |     8 |     2 |    12 |    20 |    10 ||    52
       Potion            |     2 |     3 |     5 |     5 |     7 ||    22
 Stab: Sleeping          |     5 |     2 |    16 |    39 |    11 ||    73
       Distracted        |       |       |     4 |     2 |     1 ||     7
       Held in net/web   |       |       |     1 |       |       ||     1
       Invisible         |       |       |       |     1 |    10 ||    11
       Confused          |       |       |       |     3 |     4 ||     7
  Eat: Ration            |     1 |       |     2 |     2 |       ||     5
       Chunk             |       |       |    12 |    14 |    19 ||    45
Armor: Leather armour    |    30 |     8 |   107 |   141 |    88 ||   374
Dodge: Dodged            |    43 |    14 |   274 |   272 |   320 ||   923
Block: Buckler           |       |       |       |       |     6 ||     6
